Map: Blueshift LE

Players

LiquidTLO (TLO) - Winner!

  • Race: Zerg Zerg
  • Spawn Location: 1:00

Cuddlebear

  • Race: Terran Terran
  • Spawn Location: 7:00

Event: WCS Montreal 2018

VOD

Have the link to the VOD?

Description

Time

  • Played on: Sept. 7, 2018, 4:36 p.m.
  • Length: 17:55

All games in this series

Show
View Real Time Build Order
Export as new Build Order

LiquidTLO Zerg - Winner!

Build Orders: Pool First 

Get SALT Encoding   

  12  0:00  Drone  
  13  0:08  Drone  
  14  0:16  Overlord  
  14  0:35  Drone x2  
  16  0:40  Spawning Pool  
  15  0:44  Drone  
  15  0:48  Drone  
  17  1:09  Hatchery  
  16  1:12  Drone  
  16  1:15  Drone  
  18  1:18  Extractor  
  17  1:27  Zergling x2  
  17  1:29  Zergling x2  
  19  1:34  Queen  
  21  1:41  Overlord  
  21  1:51  Drone  
  22  2:04  Drone  
  23  2:11  Queen  
  23  2:13  Drone  
  26  2:21  Drone  
  27  2:26  Drone  
  28  2:31  Drone  
  28  2:33  Queen  
  28  2:36  Overlord  
  31  2:39  Metabolic Boost  
  31  2:42  Drone  
  30  2:44  Drone  
  30  2:46  Drone  
  32  2:55  Drone x2  
  32  2:56  Drone  
  35  3:00  Drone  
  36  3:06  Drone  
  36  3:12  Extractor  
  36  3:18  Hatchery  
  36  3:19  Pneumatized Carapace  
  35  3:21  Drone  
  35  3:22  Extractor  
  35  3:23  Drone  
  37  3:27  Drone  
  37  3:29  Overlord  
  37  3:32  Drone  
  37  3:33  Extractor  
  37  3:34  Drone  
  40  3:39  Zergling x2  
  40  3:40  Zergling x2  
  42  3:46  Drone  
  44  3:50  Zergling x4  
  44  3:53  Queen  
  44  3:54  Drone  
  48  3:59  Drone, Overlord  
  48  4:02  Overlord  
  49  4:03  Drone  
  49  4:06  Drone  
  49  4:09  Drone  
  52  4:12  Overlord  
  52  4:13  Baneling Nest  
  51  4:18  Overlord  
  51  4:19  Extractor  
  51  4:20  Zergling x6  
  51  4:23  Zergling x2  
  54  4:27  Lair  
  54  4:31  Zergling x2  
  54  4:33  Zergling x2  
  54  4:34  Zergling x2  
  54  4:35  Zergling x4  
  54  4:36  Zergling x2  
  60  4:41  Zergling x2  
  60  4:43  Zergling x2  
  60  4:44  Zergling x2  
  63  4:47  Zergling x2  
  63  4:48  Zergling x4  
  66  4:53  Zergling x2  
  66  4:54  Zergling x2  
  66  4:55  Zergling x2  
  69  5:00  Baneling x7  
  69  5:04  Zergling x2  
  69  5:05  Zergling x4  
  72  5:13  Evolution Chamber  
  71  5:14  Baneling x2  
  71  5:15  Drone x5, Baneling  
  73  5:33  Drone  
  70  5:41  Drone  
  70  5:42  Drone x3, Evolution Chamber, Zergling x2  
  70  5:43  Zergling x2  
  70  5:44  Zerg Ground Armor Level 1  
  70  5:45  Zergling x2  
  70  5:46  Zergling x2  
  70  5:47  Drone, Zergling x2, Evolution Chamber  
  70  5:48  Drone  
  70  5:49  Drone  
  76  5:52  Queen  
  76  5:54  Zergling x2  
  78  5:57  Zergling x4  
  77  6:07  Zergling x4  
  77  6:08  Zergling x2  
  77  6:09  Zergling x4  
  77  6:10  Zergling x2  
  83  6:12  Drone x2, Overlord  
  83  6:14  Zergling x2  
  83  6:16  Baneling x4  
  86  6:19  Zergling x2  
  86  6:20  Zergling x2  
  86  6:23  Zerg Melee Weapons Level 1  
  88  6:26  Zergling x2  
  88  6:30  Overlord  
  89  6:33  Zergling x2  
  89  6:36  Overlord  
  89  6:39  Hatchery, Zergling x2  
  90  6:41  Drone x2  
  90  6:42  Zergling x2  
  90  6:45  Zergling x6  
  96  6:47  Zergling x2  
  97  6:57  Zergling x6  
  97  7:00  Zergling x2  
  101  7:02  Baneling x3  
  101  7:05  Baneling x3  
  101  7:08  Extractor  
  101  7:09  Extractor  
  101  7:12  Centrifical Hooks  
  101  7:15  Zergling x20  
  99  7:19  Zergling x2  
  99  7:20  Zergling x2  
  105  7:26  Queen  
  105  7:27  Drone  
  108  7:31  Drone  
  108  7:34  Drone  
  110  7:38  Overlord x2  
  110  7:39  Drone x2  
  110  7:40  Baneling x2  
  110  7:41  Baneling  
  110  7:44  Overlord  
  112  7:48  Zergling x2  
  112  7:49  Zergling x2  
  114  7:54  Hatchery  
  114  7:55  Zerg Ground Armor Level 2  
  114  7:58  Zergling x2  
  112  7:59  Zergling x4  
  112  8:00  Zergling x4  
  112  8:01  Zergling x2  
  112  8:03  Zergling x2  
  112  8:05  Zergling x2  
  104  8:06  Zergling x2  
  104  8:07  Zergling x4  
  104  8:09  Zergling x2  
  104  8:10  Zergling x2  
  104  8:12  Zergling x2  
  95  8:13  Zergling x2  
  95  8:14  Zergling x2  
  86  8:20  Zergling x10  
  86  8:26  Drone  
  91  8:29  Zerg Melee Weapons Level 2  
  91  8:31  Drone, Zergling x2  
  91  8:33  Baneling x7  
  91  8:35  Zergling x2  
  91  8:36  Zergling x2  
  91  8:41  Zergling x2  
  94  8:42  Drone x2  
  94  8:44  Zergling x2  
  94  8:45  Zergling x4  
  94  8:46  Zergling x2  
  94  8:48  Drone x2  
  102  8:52  Burrow  
  102  8:53  Baneling x2  
  102  8:55  Drone  
  103  8:59  Drone  
  103  9:00  Drone x2  
  103  9:01  Drone  
  107  9:03  Zergling x2  
  107  9:04  Zergling x2  
  107  9:08  Zergling x6  
  100  9:18  Zergling x6  
  100  9:19  Zergling x2  
  100  9:20  Zergling x2  
  100  9:21  Zergling x4  
  100  9:22  Zergling x2  
  100  9:23  Zergling x2  
  97  9:24  Zergling x4  
  97  9:25  Zergling x4  
  97  9:26  Zergling x2  
  97  9:27  Zergling x2  
  97  9:30  Zergling x6  
  105  9:32  Drone  
  105  9:33  Zergling x2  
  105  9:34  Baneling x4  
  105  9:37  Zergling x2  
  109  9:38  Zergling x4  
  109  9:39  Zergling x2  
  109  9:41  Zergling x2  
  109  9:42  Zergling x2  
  113  9:51  Infestation Pit, Baneling x3  
  113  9:52  Baneling x3  
  111  9:53  Zergling x2  
  111  9:57  Zergling x2  
  111  9:58  Zergling x2  
  110  10:01  Zergling x2  
  110  10:04  Zergling x2  
  109  10:07  Zergling x2  
  109  10:09  Zergling x2  
  109  10:10  Zergling x6  
  105  10:14  Zergling x4  
  105  10:15  Zergling x2  
  105  10:17  Zergling x4  
  105  10:18  Zergling x2  
  105  10:19  Zergling x6  
  105  10:20  Zergling x8  
  105  10:21  Zergling x4  
  108  10:22  Drone  
  108  10:23  Drone, Queen  
  108  10:26  Baneling x2, Zergling x2  
  108  10:27  Zergling x4  
  113  10:30  Baneling  
  113  10:32  Hive  
  113  10:33  Zergling x2  
  113  10:34  Zergling x4, Queen  
  113  10:35  Zergling x2  
  119  10:38  Zergling x6  
  121  10:43  Baneling  
  121  10:45  Drone  
  121  10:46  Zergling x2  
  121  10:47  Zergling x2  
  121  10:49  Baneling x3  
  124  10:51  Zergling x2  
  124  10:52  Overlord  
  124  10:53  Zergling x2  
  124  10:54  Zergling x2  
  127  11:00  Zergling x4  
  127  11:01  Zergling x2  
  128  11:05  Zergling x4  
  128  11:06  Zergling x2, Baneling x2  
  128  11:07  Baneling x2, Zergling x2  
  128  11:08  Zergling x2  
  133  11:11  Zergling x2  
  133  11:12  Zergling x2  
  133  11:15  Baneling  
  133  11:16  Zergling x4  
  133  11:17  Zergling x4  
  139  11:20  Hatchery  
  137  11:28  Overlord x3  
  137  11:29  Zergling x2  
  137  11:30  Zergling x10  
  143  11:33  Zergling x2  
  143  11:34  Zergling x2  
  143  11:37  Zergling x4  
  142  11:43  Zergling x4  
  142  11:45  Zergling x4  
  143  11:47  Zerg Ground Armor Level 3  
  143  11:48  Ultralisk Cavern  
  143  11:50  Zerg Melee Weapons Level 3  
  143  11:53  Zergling x2  
  141  11:54  Spore Crawler  
  141  11:55  Zergling x2  
  141  11:59  Zergling x2  
  141  12:00  Zergling x4  
  143  12:02  Zergling x4  
  143  12:05  Zergling x2  
  143  12:07  Zergling x2  
  144  12:16  Drone  
  145  12:24  Zergling x2  
  145  12:25  Baneling x2  
  145  12:28  Adrenal Glands  
  146  12:30  Overlord  
  143  12:44  Chitinous Plating  
  127  12:46  Ultralisk x2  
  127  12:48  Ultralisk  
  145  12:55  Ultralisk  
  143  13:01  Zergling x4  
  138  13:06  Zergling x4  
  138  13:07  Drone x2  
  138  13:12  Zergling x2  
  143  13:14  Zergling x10  
  143  13:15  Zergling x2  
  146  13:21  Zergling x2  
  146  13:22  Zergling x4  
  146  13:25  Zergling x2  
  146  13:26  Zergling x12  
  154  13:28  Zergling x2  
  154  13:31  Overlord  
  154  13:32  Queen  
  157  13:34  Zergling x2  
  157  13:36  Zergling x2  
  157  13:40  Baneling x2  
  159  13:44  Viper  
  159  13:46  Queen x2  
  159  13:48  Drone  
  165  13:50  Zergling x2, Queen  
  165  13:51  Zergling x2  
  165  13:55  Drone x5  
  172  13:58  Baneling x2  
  174  14:04  Zergling x2  
  174  14:05  Zergling x2  
  174  14:06  Zergling x4  
  174  14:07  Zergling x2  
  175  14:11  Baneling x5  
  175  14:14  Zergling x2  
  176  14:19  Ultralisk  
  172  14:26  Zergling x2  
  166  14:34  Zergling x2  
  166  14:35  Zergling x20  
  166  14:36  Zergling x6  
  179  14:38  Zergling x2  
  179  14:40  Zergling x2  
  179  14:42  Overlord  
  179  14:46  Overlord  
  179  14:48  Overlord  
  179  14:50  Overlord x2  
  179  14:54  Overlord  
  179  15:00  Spore Crawler  
  190  15:07  Ultralisk x2  
  190  15:12  Zergling x12  
  190  15:13  Zergling x2  
  195  15:15  Zergling x4  
  195  15:19  Ultralisk  
  186  15:25  Zergling x2  
  186  15:27  Zergling x4  
  170  15:28  Zergling x2  
  170  15:29  Zergling x4  
  170  15:30  Zergling x4  
  170  15:31  Zergling x4  
  170  15:32  Zergling x2  
  170  15:33  Ultralisk  
  170  15:34  Zergling x2  
  170  15:35  Zergling x2  
  177  15:37  Baneling  
  177  15:38  Baneling x2  
  177  15:42  Zergling x4  
  171  15:44  Zergling x4  
  171  15:45  Zergling x2  
  171  15:46  Zergling x2  
  171  15:49  Zergling x2  
  171  15:57  Zergling x4  
  171  16:10  Zergling x2, Ultralisk  
  171  16:11  Zergling x16  
  172  16:12  Zergling x2  
  172  16:14  Zergling x2  
  172  16:15  Zergling x2  
  174  16:22  Zergling x2  
  162  16:33  Zergling x2  
  162  16:36  Zergling x2  
  162  16:38  Zergling x2  
  162  16:41  Zergling x4  
  162  16:42  Zergling x4  
  162  16:44  Queen x2  
  162  16:45  Zergling x6  
  162  16:46  Zergling x8  
  172  16:47  Zergling x2  
  172  16:48  Zergling x4  
  172  16:49  Zergling x2, Queen  
  172  16:50  Zergling x4  
  172  16:53  Extractor  
  179  16:57  Extractor, Zergling x2  
  179  16:58  Extractor, Zergling x2  
  179  17:00  Zergling x4  
  179  17:01  Zergling x2  
  179  17:02  Zergling x2  
  177  17:09  Ultralisk x2  
  177  17:10  Zergling x4  
  177  17:13  Zergling x2  
  176  17:19  Baneling x2  
  176  17:20  Baneling x3  
  173  17:29  Zergling x2  
  180  17:30  Zergling x2  
  180  17:31  Zergling x2  
  180  17:33  Zergling x2  
  180  17:34  Zergling x2  
Show
View Real Time Build Order
Export as new Build Order

Cuddlebear Terran 

Build Orders: Reaper Expand, MMM Bio 

Get SALT Encoding   

  12  0:00  SCV  
  13  0:12  SCV  
  14  0:17  Supply Depot  
  14  0:24  SCV  
  15  0:38  SCV  
  15  0:40  Barracks  
  16  0:44  Refinery  
  16  0:50  SCV  
  17  1:03  SCV  
  18  1:15  SCV  
  19  1:27  Orbital Command  
  19  1:33  Reaper  
  20  1:40  Command Center  
  20  1:48  Supply Depot  
  20  1:53  SCV  
  21  2:04  Marine  
  22  2:09  Factory  
  22  2:11  SCV  
  23  2:23  SCV  
  23  2:32  Marine  
  23  2:35  SCV  
  24  2:47  SCV  
  24  2:50  Barracks Reactor  
  25  2:56  Command Center  
  25  2:59  SCV, Refinery  
  26  3:16  SCV  
  26  3:17  Orbital Command  
  27  3:28  SCV  
  28  3:37  Barracks Tech Lab  
  28  3:40  Barracks  
  28  3:43  SCV  
  28  3:47  Barracks  
  29  3:51  SCV  
  29  3:54  Factory Reactor  
  29  3:55  SCV  
  31  3:58  Marine  
  31  4:00  Stimpack  
  32  4:03  Engineering Bay, SCV  
  32  4:04  Engineering Bay  
  32  4:07  SCV  
  34  4:16  Supply Depot, Marine, Orbital Command  
  35  4:19  SCV  
  35  4:21  SCV  
  37  4:27  Bunker  
  37  4:31  SCV  
  37  4:32  Terran Infantry Weapons Level 1  
  37  4:34  Terran Infantry Armor Level 1  
  37  4:36  Marine  
  38  4:38  Marine  
  38  4:42  Marine  
  42  4:48  SCV, Supply Depot  
  42  4:49  Marine  
  42  4:53  Factory Reactor  
  42  4:55  Starport, Marine  
  42  4:59  Supply Depot  
  43  5:04  Marine  
  43  5:05  Supply Depot  
  43  5:06  SCV, Marine  
  46  5:07  Marine  
  46  5:09  SCV  
  46  5:11  Marine  
  46  5:12  SCV  
  50  5:15  Marine  
  50  5:18  SCV  
  52  5:21  SCV  
  52  5:25  SCV  
  53  5:34  Marine  
  48  5:39  Marine x2  
  48  5:52  Medivac, SCV x2  
  48  5:53  Medivac, Factory Reactor, Marine  
  48  5:55  Factory Tech Lab  
  55  5:59  SCV, Armory  
  53  6:08  SCV  
  53  6:09  SCV  
  55  6:11  Supply Depot  
  55  6:16  Marine x2  
  56  6:19  Siege Tank  
  56  6:22  Marine  
  56  6:24  Combat Shields  
  60  6:28  SCV  
  60  6:31  Marine  
  62  6:35  Bunker  
  62  6:36  Marine  
  62  6:37  Supply Depot  
  62  6:38  SCV  
  62  6:39  SCV  
  65  6:46  Refinery  
  65  6:47  SCV, Refinery, Marine x2  
  66  6:50  SCV  
  66  6:51  Marine  
  70  6:56  SCV  
  70  6:57  Marine  
  70  6:58  Marine  
  76  7:01  SCV  
  76  7:03  SCV  
  78  7:14  SCV, Marine x2  
  81  7:16  SCV  
  81  7:18  SCV  
  81  7:19  Terran Infantry Weapons Level 2  
  83  7:23  Terran Infantry Armor Level 2  
  83  7:24  Marine  
  83  7:26  SCV  
  83  7:28  SCV  
  83  7:33  Supply Depot  
  83  7:34  Marine  
  83  7:36  Marine  
  85  7:51  Supply Depot  
  85  7:53  Supply Depot  
  85  7:54  Barracks, Marine  
  85  7:55  SCV x2, Barracks  
  85  7:57  Marine  
  86  8:07  SCV  
  77  8:13  SCV  
  77  8:17  Marine  
  77  8:19  SCV  
  75  8:20  Marine x4  
  75  8:21  Medivac, Siege Tank  
  75  8:25  SCV  
  85  8:30  Medivac  
  85  8:31  SCV  
  88  8:35  Marine  
  88  8:36  Orbital Command  
  88  8:38  SCV, Marine x2  
  88  8:40  Marine x2  
  94  8:42  Barracks Reactor  
  94  8:43  Barracks Reactor  
  94  8:52  SCV  
  94  8:53  Marine  
  94  8:54  SCV  
  97  9:02  Marine  
  98  9:03  Marine x3, Orbital Command  
  98  9:04  Medivac x2, SCV, Siege Tank  
  98  9:07  SCV  
  108  9:11  Marine  
  82  9:25  SCV x2  
  82  9:26  Marine x2  
  82  9:29  SCV  
  87  9:33  Marine x3  
  87  9:34  Marine  
  87  9:37  SCV, Marine  
  87  9:38  SCV  
  94  9:39  Terran Infantry Weapons Level 3  
  94  9:41  SCV  
  94  9:42  Marine  
  94  9:43  Marine  
  97  9:49  SCV  
  97  9:50  SCV, Marine x2  
  101  9:56  SCV  
  101  10:06  Siege Tank  
  97  10:07  Marine  
  97  10:11  Marine  
  97  10:12  Marine  
  97  10:13  Liberator x2, SCV x2  
  93  10:19  SCV  
  89  10:24  Marine  
  91  10:29  Marine x4  
  91  10:34  Terran Infantry Armor Level 3  
  101  10:35  Marine  
  101  10:36  Factory  
  101  10:39  Barracks  
  101  10:40  Marine  
  101  10:42  Supply Depot  
  97  10:45  Supply Depot  
  97  10:46  SCV  
  97  10:47  SCV, Supply Depot  
  99  10:51  Marine x2  
  101  11:02  Marine  
  101  11:04  SCV, Marine x3  
  102  11:05  Siege Tank  
  102  11:10  Marine  
  109  11:12  Marine  
  110  11:19  Supply Depot  
  110  11:20  Supply Depot  
  110  11:23  Marine x2  
  110  11:24  Marine  
  110  11:25  SCV  
  114  11:33  Marine x4  
  114  11:34  Medivac x2  
  117  11:40  Marine  
  117  11:42  Marine  
  117  11:45  Marine  
  117  11:46  Marine  
  117  11:47  Siege Tank, Marine  
  118  11:48  Factory Tech Lab  
  118  11:49  Barracks Tech Lab  
  118  11:50  SCV x2  
  124  11:55  Marine  
  124  11:57  Marine  
  124  12:00  SCV  
  127  12:06  Marine x2  
  127  12:07  Siege Tank, Marine x2  
  127  12:08  Medivac  
  127  12:11  Medivac  
  127  12:13  Marine  
  127  12:14  Marine  
  132  12:17  Marine  
  133  12:22  Marine  
  133  12:23  Marine  
  133  12:25  Siege Tank  
  133  12:27  Refinery  
  133  12:28  Refinery  
  138  12:30  Marine  
  138  12:32  Marauder  
  141  12:38  Marine  
  141  12:39  Marine  
  141  12:43  SCV, Marine  
  137  12:59  Marine  
  137  13:00  Marauder  
  135  13:06  Marine  
  135  13:07  Marauder, Liberator  
  135  13:09  Marine  
  135  13:11  Marine x2  
  141  13:16  Command Center  
  140  13:25  Marine  
  141  13:32  Marine  
  141  13:33  Marine  
  141  13:37  Ghost Academy  
  141  13:38  Liberator  
  141  13:40  Barracks x2  
  141  13:44  Marine  
  141  13:48  Marauder  
  141  13:55  Marauder, Siege Tank x2, Marine x2  
  154  13:56  Supply Depot  
  154  13:57  Supply Depot x2  
  154  13:59  Marine  
  154  14:02  Marine  
  155  14:07  Marine  
  157  14:18  Marauder x2, Marine x3  
  157  14:23  Marine  
  163  14:25  Marine  
  163  14:31  Marine  
  157  14:34  Marine  
  157  14:35  Marine  
  157  14:36  Marine  
  149  14:40  Marauder x2, Marine  
  149  14:45  Marine  
  152  14:47  Marine  
  154  14:54  Marine  
  154  14:56  Marine  
  154  14:59  Marine  
  157  15:00  Marine  
  157  15:01  Marauder x2  
  157  15:03  Barracks Tech Lab x2  
  157  15:04  Marine  
  157  15:05  Supply Depot  
  157  15:06  Supply Depot  
  163  15:18  Marine  
  163  15:19  Marine  
  163  15:21  Marauder, Marine, Ghost x2  
  144  15:23  Marauder  
  144  15:27  Marine  
  139  15:30  Marine  
  139  15:32  Marine  
  116  15:41  Marine  
  109  15:43  Marauder  
  109  15:45  Marine  
  97  15:50  Marauder, Ghost  
  97  15:56  SCV x2  
  86  16:01  SCV  
  79  16:04  Marauder  
  79  16:11  Marine  
  78  16:12  Marauder  
  78  16:14  Marine  
  78  16:15  SCV  
  82  16:19  SCV  
  82  16:28  Marauder, Marine  
  82  16:32  Marauder  
  77  16:45  Marine  
  71  16:48  Marine  
  71  16:49  Marauder, SCV x2, Marine  
  76  17:05  Marine  
  59  17:09  Marine  
  59  17:10  Marauder  
  55  17:18  SCV  
  57  17:26  Marine  
  57  17:28  Orbital Command  
Tags
 
Add a new tag
Caveats
  • Supply blocks, unpowered buildings, or Contaminate may cause inaccurate times.
  • Supply counts are checked every 10 seconds.